Unix NetHack Version 5.0.0-0 post-release - last build May 23 2026 06:08:33 (1c0ff79ee797540d5714e4e18072db0edd9e58ae,branch:main).

Game began 2026-05-25 21:03:30, ended 2026-05-25 21:46:50.

Corncycle, chaotic male human Rogue

                                                --|..
                                              --..|..--      -....|
                                            -.|.....*.|    -......--   ---
                                         ..|.....))`..|   |........|  --..|
                                         ......--....-   --........-- |...|
                                         ..<...||^...|   |..........| |..--
                                         -.....||.|..--  -..........| |..--
                                           ...--|.|....-|..|......--- |...--
                                           ------.......|.---.--..--- |.|..--
                                               |..........|  - --...| |.|-...-
                                 |             |..........|     ---.# |.||....
                                 -@-           |.|........|       |.---.| -.0-
                                   |          --.|--..----        |..|..| ---
                                 .--          ..>|--..--          --.|.-----
                                              .--|.....|           |[|.||..--
                                                 |.....|           |...--...|
                                                 --....--          ---.....--
                                                  ----...|          |.......|
                                                      -.*|          ------.-
                                                       ---                -
Corncycle the Rogue     St:13 Dx:16 Co:14 In:10 Wi:11 Ch:11  Chaotic
Dlvl:3  $:9  HP:0(47) Pw:24(24) AC:3  Xp:7 T:2132  Blind Deaf

Latest messages:
 You write in the dust with your fingertip.
 The giant ant turns to flee.
 What do you want to write with? [- bhuADEKLNOQ or ?*]
 You write in the dust with your fingertip.
 The giant ant turns to flee.
 The giant ant misses!
 You climb up the stairs.
 You see here an arrow.
 What do you want to use or apply? [ehuDELN-QY or ?*]
 You learn more about your items by comparing them.
 b - 3 +0 daggers (4 in total).
 There are several more objects here.
 Really step onto that rolling boulder trap? [yn] (n)
 With great effort you move the boulder.
 Really step onto that rolling boulder trap? [yn] (n)
 There is a rolling boulder trap here.
 Click!  You trigger a rolling boulder trap!
 No boulder was released.
 Really step onto that rolling boulder trap? [yn] (n)
 Something is written here in the dust.
 You read: "?|?er tr".
 Really step onto that rolling boulder trap? [yn] (n)
 There is a rolling boulder trap here.
 You escape a rolling boulder trap.
 You see here a gold piece.
 $ - a gold piece (9 in total).
 The gray unicorn butts!
 The gray unicorn kicks!
 You climb up the stairs.
 You climb up the stairs.
 You materialize in a different location!
 You are momentarily blinded by a flash of light!
 You hear a deafening roar!
 Wait!  There's something there you can't see!
 It bites!
 She seduces you and you take off your cloak.
 She stole a +1 hooded cloak.
 It misses!
 What do you want to zap? [huDELNOQ or ?*]
 In what direction?
 You kill it!
 You kill it!
 You destroy it!
 You are caught in the explosion!
 It is fatal.
 Do you want your possessions identified? [ynq] (y)
 Do you want to see your attributes? [ynq] (y)
 Do you want an account of creatures vanquished? [ynaq] (y)
 Do you want to see your conduct and achievements? [ynq] (y)
 Do you want to see the dungeon overview? [ynq] (y)

Inventory:
 Coins    ('$')
  $ - 9 gold pieces
 Weapons  (')')
  b - 4 +0 daggers (wielded)
  K - a blessed +1 orcish dagger
  A - a +0 dwarvish short sword
 Armor    ('[')
  B - an uncursed +0 dwarvish iron helm (being worn)
  s - a cursed -2 pair of gauntlets of fumbling
  H - an uncursed +0 pair of high boots (being worn)
  c - an uncursed +1 leather armor (being worn)
 Comestibles  ('%')
  P - an uncursed cream pie
  n - 3 uncursed food rations
 Wands    ('/')
  h - a wand of cancellation (0:4)
  u - a wand of cold (0:3)
  L - a wand of death (0:5)
  E - a wand of digging (0:2)
  O - a wand of nothing (0:6)
  N - a wand of sleep (0:8)
  D - a wand of sleep (0:2)
  Q - a wand of undead turning (0:5)
 Tools    ('(')
  Y - an uncursed sack containing 6 items
  e - an uncursed lock pick

Contents of the sack:
  108 gold pieces
  a blessed scroll of confuse monster
  an uncursed scroll of taming
  an uncursed scroll of teleportation
  2 uncursed potions of healing
  an uncursed potion of sickness

Corncycle the Rogue's attributes:

Background:
 You were a Rogue, level 7 male human.
 You were chaotic, on a mission for Kos
 who was opposed by Issek (lawful) and Mog (neutral).
 You were right-handed.
 You were in the Gnomish Mines, on level 3.
 You entered the dungeon 2132 turns ago.
 You had 685 experience points, 595 more were needed to attain level 8.

Basics:
 You had 0 out of 47 hit points.
 You had all 24 energy points (spell power).
 Your armor class was 3.
 Your wallet contained 9 zorkmids, and
 you had 108 more stashed away in your pack.
 Autopickup was on for '.' plus thrown.

Final Characteristics:
 Your strength was 13 (limit:18/100).
 Your dexterity was 16 (limit:18).
 Your constitution was 14 (limit:18).
 Your intelligence was 10 (limit:18).
 Your wisdom was 11 (limit:18).
 Your charisma was 11 (limit:18).

Final Status:
 You were temporarily blind.
 You were deaf.
 You weren't hungry.
 You were unencumbered.
 You were wielding daggers.
 You were skilled in dagger.

Final Attributes:
 You were piously aligned.
 You were stealthy.
 You were warded.
 You are dead.

Miscellaneous:
 You didn't encounter any bones levels.
 Total elapsed playing time was 43 minutes and 20 seconds.

Major events:
 Turn
    1: Corncycle the chaotic male human Rogue entered the dungeon
  840: attained the rank of Cutpurse (level 3)
  968: entered the Gnomish Mines
 1512: reached Mine Town
 1709: attained the rank of Rogue (level 6)
 2132: caught himself in a explosion

You didn't know any spells.

Skills:
 Fighting Skills
   bare handed combat [Unskilled]
   two weapon combat  [Unskilled]
   riding             [Unskilled]
 Weapon Skills
   dagger             [Skilled]
   knife              [Unskilled]
   short sword        [Basic]
   broadsword         [Unskilled]
   long sword         [Unskilled]
   two-handed sword   [Unskilled]
   saber              [Unskilled]
   club               [Unskilled]
   mace               [Unskilled]
   morning star       [Unskilled]
   flail              [Unskilled]
   hammer             [Unskilled]
   polearms           [Unskilled]
   spear              [Unskilled]
   crossbow           [Unskilled]
   dart               [Unskilled]
   shuriken           [Unskilled]
 Spellcasting Skills
   divination spells  [Unskilled]
   escape spells      [Unskilled]
   matter spells      [Unskilled]

Voluntary challenges:
 Character rerolling was not enabled.
 You never genocided any monsters.
 You never polymorphed an object.
 You never changed form.
 You used no wishes.
Achievements:
 You entered a shop.
 You attained the rank of Cutpurse.
 You entered the Gnomish Mines.
 You entered Minetown.
 You attained the rank of Rogue.

 The Dungeons of Doom: levels 1 to 2
    Level 1:
       A fountain.
    Level 2:
       An armor shop.
       Stairs down to The Gnomish Mines.
 The Gnomish Mines: levels 3 to 6
    Level 3: <- You were here.
       Final resting place for
          you, caught yourself in a explosion.
    Level 4:
    Level 5:
    Level 6:
       An altar, some fountains.


Vanquished creatures:
  4 orc-captains
  a werewolf
  a Mordor orc
  3 Uruk-hai
 an orc shaman
  3 gnome leaders
 an elf zombie
  3 giant ants
  a little dog
  7 dwarves
 11 hill orcs
  a rothe
  4 iguanas
  a hobbit
  3 manes
  a large kobold
  3 giant rats
 26 gnomes
  a gnome zombie
  3 geckos
  6 jackals
  a fox
  3 goblins
  a sewer rat
  a grid bug
  3 lichens
  a kobold zombie
  5 newts
100 creatures vanquished.

No species were genocided or became extinct.

Game over:
                       ----------
                      /          \
                     /    REST    \
                    /      IN      \
                   /     PEACE      \
                  /                  \
                  |    Corncycle     |
                  |      117 Au      |
                  |  caught himself  |
                  |  in a explosion  |
                  |                  |
                  |                  |
                  |       2026       |
                 *|     *  *  *      | *
        _________)/\\_//(\/(/\)/\//\/|_)_______

Goodbye Corncycle the Rogue...

You died in The Gnomish Mines on dungeon level 3 with 3126 points,
and 117 pieces of gold, after 2132 moves.
You were level 7 with a maximum of 47 hit points when you died.

